 Dungeon Crawl Stone Soup version 0.29-a0-350-g7790a0e70a (webtiles) character file.

Game seed: 14109696572821659434

3878 spaghetti the Prestidigitator (level 10, -1/106 (114) HPs)
             Began as a Gnoll Wanderer on Apr 22, 2022.
             Was a Believer of Okawaru.
             Killed from afar by a steam dragon (4 damage)
             ... with a ball of steam
             ... on level 8 of the Dungeon on Apr 23, 2022.
             The game lasted 00:22:13 (10667 turns).

spaghetti the Prestidigitator (Gnoll Wanderer)     Turns: 10667, Time: 00:22:14

HP:   -1/106 (114)  AC: 29    Str:  9    XL:     10   Next: 19%
MP:   16/17         EV:  2    Int: 11    God:    Okawaru [**....]
Gold: 478           SH:  8    Dex: 19    Spells: 11/19 levels left

rFire   . . .      SeeInvis .   b - +2 spear (vamp) {polearm}
rCold   . . .      Faith    .   c - +0 buckler
rNeg    . . .      Spirit   .   (body armour currently unavailable)
rPois   +          Reflect  .   (helmet currently unavailable)
rElec   .          Harm     .   (cloak currently unavailable)
rCorr   .          Rampage  .   (gloves currently unavailable)
Will    .....      NoTele   +   (boots currently unavailable)
Stlth   +++++.....              h - amulet of the acrobat
HPRegen 0.27/turn               v - +4 ring of evasion
MPRegen 0.15/turn               q - +4 ring of protection

@: lethally poisoned (-1 -> -8), tree-form, heroic, drained
A: stationary, stasis, torment immunity, boosted hp, (fangs 1), strong nose,
distributed training
a: Renounce Religion, Heroism


You were on level 8 of the Dungeon.
You worshipped Okawaru.
Okawaru was pleased with you.
You were a tree.
You visited 2 branches of the dungeon, and saw 9 of its levels.
You also visited: Sewer.

You collected 478 gold pieces.


Innate Abilities, Weirdness & Mutations

You are a tree.
Your roots penetrate the ground, keeping you stationary.
You cannot be teleported.
You are immune to unholy pain and torment.
Your maximum health is greatly increased.
Your equipment is partially melded.
((You have very sharp teeth.))
Your uncanny sense of smell can sniff out nearby items.
Your experience applies equally to all skills.


   Skills:
 + Level 5.7(10.7) Fighting
 + Level 5.0(10.0) Short Blades
 + Level 5.0(10.0) Long Blades
 + Level 5.0(10.0) Axes
 + Level 5.0(10.0) Maces & Flails
 + Level 5.0(10.0) Polearms
 + Level 5.0(10.0) Staves
 + Level 5.7(10.7) Slings
 + Level 5.0(10.0) Bows
 + Level 5.0(10.0) Crossbows
 + Level 5.0(10.0) Throwing
 + Level 5.7(10.7) Armour
 + Level 5.0(10.0) Dodging
 + Level 5.0(10.0) Stealth
 + Level 6.9(11.9) Shields
 + Level 5.0(10.0) Unarmed Combat
 + Level 5.0 Spellcasting
 + Level 4.1 Conjurations
 + Level 4.1 Hexes
 + Level 4.1 Summonings
 + Level 4.1 Necromancy
 + Level 4.1 Translocations
 + Level 4.1 Transmutations
 + Level 4.1 Fire Magic
 + Level 4.1 Ice Magic
 + Level 4.1 Air Magic
 + Level 4.1 Earth Magic
 + Level 4.1 Poison Magic
 + Level 5.5 Invocations
 + Level 11.5 Evocations


You had 11 spell levels left.
You knew the following spells:

 Your Spells              Type           Power      Damage    Failure   Level
a - Blink                 Tloc           22%        N/A       7%          2
b - Slow                  Hex            44%        N/A       4%          1
c - Manifold Assault      Tloc           11%        N/A       77%         5

Your spell library contained the following spells:

 Spells                   Type           Power      Damage    Failure   Level
 Foxfire                  Conj/Fire      44%        2x1d6     4%          1
 Confusing Touch          Hex            11%        N/A       14%         3
 Conjure Flame            Conj/Fire      11%        6-21      14%         3
 Inner Flame              Hex/Fire       11%        N/A       14%         3
 Lesser Beckoning         Tloc           11%        N/A       14%         3
 Vampiric Draining        Necr           11%        2d6       14%         3
 Flame Wave               Conj/Fire      11%        2d5       41%         4

Inventory:

Hand Weapons
 a - a +2 hunting sling of flaming {sling}
   (You found it on level 4 of the Dungeon)
 b - a +2 vampiric spear (weapon) {polearm}
   (You took it off a gnoll on level 6 of the Dungeon)
 e - a +1 dagger of chaos {short}
   (You took it off Psyche on level 8 of the Dungeon)
 n - a +0 broad axe {axe}
   (You found it on level 1 of the Dungeon)
 r - a +2 short sword of draining {short}
   (You took it off Maurice on level 8 of the Dungeon)
 t - a +0 hunting sling {sling}
Missiles
 f - 161 stones {throwing}
 l - 4 javelins {throwing}
 m - 16 boomerangs {throwing}
 J - a throwing net {=f!fthrowing}
 K - 5 poisoned darts {throwing}
Armour
 c - a +0 buckler (worn)
 p - a +1 pair of boots (melded)
   (You found it on level 1 of the Dungeon)
 w - a +2 chain mail of poison resistance (melded)
   (You took it off an orc warrior on level 8 of the Dungeon)
 z - a +0 cloak (melded)
   (You took it off Maurice on level 8 of the Dungeon)
Magical Staves
 i - a staff of conjuration {!a@e2staff}
   (You found it on level 4 of the Dungeon)
Jewellery
 h - an amulet of the acrobat (around neck)
   (You found it on level 4 of the Dungeon)
 q - a +4 ring of protection (right branch)
   (You found it on level 2 of the Dungeon)
 v - a +4 ring of evasion (left branch)
   (You found it on level 4 of the Dungeon)
 A - a +6 ring of strength
   (You found it on level 5 of the Dungeon)
Wands
 y - a wand of flame (34)
   (You found it on level 5 of the Dungeon)
 I - a wand of polymorph (10)
   (You found it on level 6 of the Dungeon)
 L - a wand of digging (4)
   (You found it on level 8 of the Dungeon)
Scrolls
 k - a scroll of immolation {!r!r}
 o - 4 scrolls of teleportation {@r4}
 s - a scroll of summoning {unknown}
 u - 7 scrolls of identify {@r1}
 x - 2 scrolls of magic mapping {!r}
 C - a scroll of blinking {!r}
 E - a scroll of acquirement {unknown}
 G - a scroll of enchant armour
Potions
 g - a potion of flight
 j - a potion of magic
 B - a potion of invisibility
 F - a potion of attraction {!q}
 H - a potion of haste {@q3}
 M - a potion of might
Miscellaneous
 D - a phantom mirror

Dungeon Overview and Level Annotations

Branches:
Dungeon (9/15)             Temple (1/1) D:7           Sewer (visited)
   Lair: D:8-11         Orc: D:9-12

Altars:
Ashenzari
Dithmenos
Elyvilon
Fedhas
Gozag
Hepliaklqana
Kikubaaqudgha
Makhleb
Nemelex Xobeh
Okawaru
Qazlal
Ru
Sif Muna
Trog
Uskayaw
Vehumet
Xom
The Shining One

Shops:
D:7 *

Annotations:
D:9 Gastronok

#.### #...## #....#
##...# ##### #...#
####...# #...#
###......## ##..#
##.........# #..#
#..........## #โ™ฃ.#
............#####D#
..............[Dยง.#
................)##
.................#
................##
................#
................#
................#


You could see a steam dragon (catching breath).


Message History

You now have 106 max hp (+35).
You regained 10 hp, and now have 29/106 hp.
You gain the combat prowess of a mighty hero.
The killer bee stings you.
* * * LOW HITPOINT WARNING * * *
You block the killer bee's attack.
The killer bee stings you but does no damage.
The killer bee barely misses you. ๐Ÿ˜จ HP[-1] MP[-2]
You take 1 damage, and now have 28/106 hp.
You lost 2 mp, and now have 15/17 mp.
Your +2 hunting sling of flaming {sling} stops flaming.
You feel a sense of dread.
b - a +2 vampiric spear (weapon)
{polearm} The killer bee stings you but does no damage. x2
You hit the killer bee.
The killer bee stings you but does no damage. x2 ๐Ÿ˜จ HP[+1]
You barely miss the killer bee. The killer bee stings you.
* * * LOW HITPOINT WARNING * * *
You are poisoned.
The killer bee poisons you! You block the killer bee's attack.
The killer bee stings you but does no damage.
You block the killer bee's attack. ๐Ÿ˜ฑ HP[-3]
You take 3 damage, and now have 26/106 hp.
Unknown command.
You barely miss the killer bee.
You feel sick.
The killer bee stings you but does no damage.
The killer bee barely misses you. ๐Ÿ˜ฑ HP[-2]
You take 2 damage, and now have 24/106 hp.
You barely miss the killer bee.
You feel sick.
The killer bee stings you but does no damage.
You block the killer bee's attack. ๐Ÿ˜ฑ HP[-1]
You take 1 damage, and now have 23/106 hp.
You barely miss the killer bee.
You feel sick. You block the killer bee's attack.
The killer bee completely misses you. ๐Ÿ˜ฑ HP[-1]
You take 1 damage, and now have 22/106 hp.
You closely miss the killer bee.
You feel sick. The killer bee stings you.
* * * LOW HITPOINT WARNING * * *
You are more poisoned.
The killer bee poisons you! The killer bee stings you!
* * * LOW HITPOINT WARNING * * *
The killer bee stings you but does no damage.
You block the killer bee's attack. ๐Ÿ˜ฑ HP[-10]
You take 10 damage, and now have 12/106 hp.
Unknown command.
Reach: b) +2 spear (vamp) {polearm}
Press: ? - help, Dir - move target, f - killer bee
Aim: a killer bee (severely wounded, about 46% to evade your +2 vampiric spear)
You closely miss the killer bee.
You feel sick.
The killer bee stings you but does no damage. x2 ๐Ÿ˜ฑ MP[+1]
You hit the killer bee.
You feel better.
You feel sick.
The killer bee stings you but does no damage.
You block the killer bee's attack. ๐Ÿ˜ฑ HP[-1]
You take 1 damage, and now have 11/106 hp.
You hit the killer bee.
You feel better.
You kill the killer bee!
Okawaru accepts your kill.
You feel sick. The killer bee barely misses you.
You puncture the killer bee!
You feel sick. The killer bee barely misses you. The killer bee stings you.
* * * LOW HITPOINT WARNING * * *
You are lethally poisoned!
The killer bee poisons you! ๐Ÿ˜ฑ HP[-5]
You take 5 damage, and now have 6/106 hp.
Unknown command.
You barely miss the killer bee.
* * * LOW HITPOINT WARNING * * *
You feel sick.
The killer bee stings you but does no damage. ๐Ÿ˜ฑ HP[-2]
You take 2 damage, and now have 4/106 hp.
You completely miss the killer bee.
* * * LOW HITPOINT WARNING * * *
You feel sick.
You block the killer bee's attack. ๐Ÿ˜ฑ HP[-1]
You take 1 damage, and now have 3/106 hp.
You puncture the killer bee!
You feel better.
You kill the killer bee!
Okawaru accepts your kill.
* * * LOW HITPOINT WARNING * * *
You feel sick. ๐Ÿ˜ฑ HP[+1] Reach: b) +2 spear (vamp) {polearm}
Press: ? - help, Dir - move target, f - steam dragon
Aim: a steam dragon (severely wounded, about 27% to evade your +2 vampiric spear)
You hit the steam dragon but do no damage.
* * * LOW HITPOINT WARNING * * *
You feel sick. The steam dragon breathes steam at you.
The ball of steam hits you.
You die...

Skill      XL: |  1  2  3  4  5  6  7  8  9 10 |
---------------+-------------------------------+-----
Evocations     | 11 | 11.5
Invocations    | 1 2 3 4 5 |  5.5
Short Blades   | 1 2 3 4 5 |  5.0
Long Blades    | 1 2 3 4 5 |  5.0
Axes           | 1 2 3 4 5 |  5.0
Maces & Flails | 1 2 3 4 5 |  5.0
Polearms       | 1 2 3 4 5 |  5.0
Staves         | 1 2 3 4 5 |  5.0
Bows           | 1 2 3 4 5 |  5.0
Crossbows      | 1 2 3 4 5 |  5.0
Throwing       | 1 2 3 4 5 |  5.0
Dodging        | 1 2 3 4 5 |  5.0
Stealth        | 1 2 3 4 5 |  5.0
Unarmed Combat | 1 2 3 4 5 |  5.0
Spellcasting   | 1 2 3 4 5 |  5.0
Conjurations   | 1 2 3 4 |  4.1
Hexes          | 1 2 3 4 |  4.1
Summonings     | 1 2 3 4 |  4.1
Necromancy     | 1 2 3 4 |  4.1
Translocations | 1 2 3 4 |  4.1
Transmutations | 1 2 3 4 |  4.1
Fire Magic     | 1 2 3 4 |  4.1
Ice Magic      | 1 2 3 4 |  4.1
Air Magic      | 1 2 3 4 |  4.1
Earth Magic    | 1 2 3 4 |  4.1
Poison Magic   | 1 2 3 4 |  4.1
Fighting       | 3 4 5 |  5.7
Slings         | 3 4 5 |  5.7
Armour         | 3 4 5 |  5.7
Shields        | 5 6 |  6.9

Action                   |  1- 3 |  4- 6 |  7- 9 | 10-12 || total
-------------------------+-------+-------+-------+-------++-------
Melee: Broad axe         |       |       |    27 |       ||    27
       Spear             |       |       |   203 |    97 ||   300
       Bite              |       |       |    31 |    15 ||    46
       Dagger            |       |       |    25 |     3 ||    28
       Unarmed           |       |       |    14 |       ||    14
 Fire: Hunting sling     |   103 |   136 |   304 |    69 ||   612
Invok: Heroism           |       |       |     3 |     2 ||     5
Evoke: Phantom mirror    |     1 |     1 |     1 |       ||     3
       Wand              |       |       |    16 |       ||    16
  Use: Scroll            |       |     6 |       |     3 ||     9
       Potion            |       |       |    12 |     3 ||    15
 Stab: Confused          |       |       |     2 |       ||     2
Armor: Robe              |    11 |    12 |    68 |       ||    91
       Chain mail        |       |       |    83 |   125 ||   208
       Skin              |       |       |    34 |    17 ||    51
Dodge: Dodged            |    34 |    25 |   280 |    92 ||   431
Block: Buckler           |    15 |    18 |   123 |    74 ||   230

Levels and vault maps discovered:
D:1:      dpeg_arrival_round_b, layout_rooms, ebering_ecumenical_altar_webs,
          hangedman_feature_mirror
D:2:      layout_basic
D:4:      layout_loops_corners, mainiacjoe_overflow_catch_the_wave,
          portal_sewer_entry_b
D:5:      layout_cave_pools
D:6:      layout_basic
D:7:      hellmonk_crumbling_castle, layout_loops_ring,
          minmay_temple_entry_butterflies, guppyfry_shop_venom
D:8:      layout_cave_pods, uniq_maurice, uniq_psyche
D:9:      layout_irregular_city, dpeg_oklobed_lair, serial_shops,
          kennysheep_mini_moat, uniq_gastronok
Temple:   regret_index_temple_sphere_string

Notes
Turn   | Place    | Note
-------+----------+-------------------------------------------
     0 | D:1      | Reached skill level 10 in Evocations
     0 | D:1      | spaghetti the Gnoll Wanderer began the quest for the Orb.
     0 | D:1      | spaghetti set off with the following items: a +0 hunting
                  | sling {sling}, a phantom mirror, a +0 buckler, a potion of
                  | lignification {!q}, a +0 robe
     0 | D:1      | Reached XP level 1. HP: 17/17 MP: 1/1
     0 | D:1      | magus.rc [v1.9.6]
   137 | D:1      | Found a faded altar of an unknown god.
   277 | D:1      | Reached XP level 2. HP: 23/23 MP: 2/2
   682 | D:1      | Reached XP level 3. HP: 27/28 MP: 3/3
  1078 | D:2      | Reached skill level 1 in Invocations
  1100 | D:2      | Identified the +1 robe "Kalodon" {Rampage}
  1203 | D:2      | You fall into a shaft and drop 2 floors!
  1262 | D:4      | Reached skill level 1 in Short Blades
  1262 | D:4      | Reached skill level 1 in Long Blades
  1262 | D:4      | Reached skill level 1 in Axes
  1262 | D:4      | Reached skill level 1 in Maces & Flails
  1262 | D:4      | Reached skill level 1 in Polearms
  1262 | D:4      | Reached skill level 1 in Staves
  1262 | D:4      | Reached skill level 1 in Bows
  1262 | D:4      | Reached skill level 1 in Crossbows
  1262 | D:4      | Reached skill level 1 in Throwing
  1262 | D:4      | Reached skill level 1 in Dodging
  1262 | D:4      | Reached skill level 1 in Stealth
  1262 | D:4      | Reached skill level 1 in Unarmed Combat
  1262 | D:4      | Reached skill level 1 in Spellcasting
  1262 | D:4      | Reached XP level 4. HP: 34/34 MP: 5/5
  1325 | D:4      | Reached skill level 1 in Conjurations
  1325 | D:4      | Reached skill level 1 in Hexes
  1325 | D:4      | Reached skill level 1 in Summonings
  1325 | D:4      | Reached skill level 1 in Necromancy
  1325 | D:4      | Reached skill level 1 in Translocations
  1325 | D:4      | Reached skill level 1 in Transmutations
  1325 | D:4      | Reached skill level 1 in Fire Magic
  1325 | D:4      | Reached skill level 1 in Ice Magic
  1325 | D:4      | Reached skill level 1 in Air Magic
  1325 | D:4      | Reached skill level 1 in Earth Magic
  1325 | D:4      | Reached skill level 1 in Poison Magic
  1478 | D:4      | Found a sparkling altar of Nemelex Xobeh.
  1514 | D:4      | Found a broken altar of Ashenzari.
  1772 | D:4      | Reached XP level 5. HP: 40/40 MP: 6/6
  1801 | D:4      | Found a glowing drain.
  1827 | Sewer    | Entered a sewer
  1833 | Sewer    | Reached skill level 3 in Fighting
  1833 | Sewer    | Reached skill level 3 in Slings
  1833 | Sewer    | Reached skill level 3 in Armour
  2083 | D:4      | Reached XP level 6. HP: 15/47 MP: 8/8
  2318 | D:4      | Reached skill level 2 in Invocations
  2417 | D:4      | Reached skill level 2 in Short Blades
  2417 | D:4      | Reached skill level 2 in Long Blades
  2417 | D:4      | Reached skill level 2 in Axes
  2417 | D:4      | Reached skill level 2 in Maces & Flails
  2417 | D:4      | Reached skill level 2 in Polearms
  2417 | D:4      | Reached skill level 2 in Staves
  2417 | D:4      | Reached skill level 2 in Bows
  2417 | D:4      | Reached skill level 2 in Crossbows
  2417 | D:4      | Reached skill level 2 in Throwing
  2417 | D:4      | Reached skill level 2 in Dodging
  2417 | D:4      | Reached skill level 2 in Stealth
  2417 | D:4      | Reached skill level 5 in Shields
  2417 | D:4      | Reached skill level 2 in Unarmed Combat
  2417 | D:4      | Reached skill level 2 in Spellcasting
  2734 | D:5      | Entered Level 5 of the Dungeon
  2866 | D:5      | Reached XP level 7. HP: 38/52 MP: 10/10
  2970 | D:5      | You pick up a book of Debilitation and begin reading...
  2970 | D:5      | You add the spells Slow, Vampiric Draining and Confusing
                  | Touch to your library.
  3349 | D:5      | Noticed a gargoyle
  3362 | D:5      | Killed a gargoyle
  3363 | D:5      | Reached skill level 2 in Conjurations
  3363 | D:5      | Reached skill level 2 in Hexes
  3363 | D:5      | Reached skill level 2 in Summonings
  3363 | D:5      | Reached skill level 2 in Necromancy
  3363 | D:5      | Reached skill level 2 in Translocations
  3363 | D:5      | Reached skill level 2 in Transmutations
  3363 | D:5      | Reached skill level 2 in Fire Magic
  3363 | D:5      | Reached skill level 2 in Ice Magic
  3363 | D:5      | Reached skill level 2 in Air Magic
  3363 | D:5      | Reached skill level 2 in Earth Magic
  3363 | D:5      | Reached skill level 2 in Poison Magic
  3363 | D:5      | Reached skill level 3 in Invocations
  3679 | D:5      | Reached XP level 8. HP: 48/60 MP: 12/12
  4225 | D:6      | Reached skill level 4 in Fighting
  4225 | D:6      | Reached skill level 4 in Slings
  4225 | D:6      | Reached skill level 4 in Armour
  4241 | D:6      | Reached skill level 3 in Short Blades
  4241 | D:6      | Reached skill level 3 in Long Blades
  4241 | D:6      | Reached skill level 3 in Axes
  4241 | D:6      | Reached skill level 3 in Maces & Flails
  4241 | D:6      | Reached skill level 3 in Polearms
  4241 | D:6      | Reached skill level 3 in Staves
  4241 | D:6      | Reached skill level 3 in Bows
  4241 | D:6      | Reached skill level 3 in Crossbows
  4241 | D:6      | Reached skill level 3 in Throwing
  4241 | D:6      | Reached skill level 3 in Dodging
  4241 | D:6      | Reached skill level 3 in Stealth
  4241 | D:6      | Reached skill level 3 in Unarmed Combat
  4241 | D:6      | Reached skill level 3 in Spellcasting
  5204 | D:7      | Reached skill level 11 in Evocations
  5416 | D:7      | Reached skill level 3 in Conjurations
  5416 | D:7      | Reached skill level 3 in Hexes
  5416 | D:7      | Reached skill level 3 in Summonings
  5416 | D:7      | Reached skill level 3 in Necromancy
  5416 | D:7      | Reached skill level 3 in Translocations
  5416 | D:7      | Reached skill level 3 in Transmutations
  5416 | D:7      | Reached skill level 3 in Fire Magic
  5416 | D:7      | Reached skill level 3 in Ice Magic
  5416 | D:7      | Reached skill level 3 in Air Magic
  5416 | D:7      | Reached skill level 3 in Earth Magic
  5416 | D:7      | Reached skill level 3 in Poison Magic
  5416 | D:7      | Reached skill level 4 in Invocations
  5607 | D:7      | You pick up a book of Spatial Translocations and begin
                  | reading...
  5607 | D:7      | You add the spells Blink, Lesser Beckoning and Manifold
                  | Assault to your library.
  5619 | D:7      | Learned a level 2 spell: Blink
  5621 | D:7      | Learned a level 1 spell: Slow
  5627 | D:7      | Learned a level 5 spell: Manifold Assault
  5666 | D:7      | Reached skill level 6 in Shields
  6038 | D:7      | Found a staircase to the Ecumenical Temple.
  6044 | Temple   | Entered the Ecumenical Temple
  6240 | Temple   | Became a worshipper of Warmaster Okawaru
  6275 | D:7      | Found Xifiq's Serpentskin Sales.
  6295 | D:7      | Reached XP level 9. HP: 47/66 MP: 14/14
  6656 | D:8      | Reached skill level 4 in Short Blades
  6656 | D:8      | Reached skill level 4 in Long Blades
  6656 | D:8      | Reached skill level 4 in Axes
  6656 | D:8      | Reached skill level 4 in Maces & Flails
  6656 | D:8      | Reached skill level 4 in Polearms
  6656 | D:8      | Reached skill level 4 in Staves
  6656 | D:8      | Reached skill level 4 in Bows
  6656 | D:8      | Reached skill level 4 in Crossbows
  6656 | D:8      | Reached skill level 4 in Throwing
  6656 | D:8      | Reached skill level 4 in Dodging
  6656 | D:8      | Reached skill level 4 in Stealth
  6656 | D:8      | Reached skill level 4 in Unarmed Combat
  6656 | D:8      | Reached skill level 4 in Spellcasting
  6717 | D:8      | HP: 14/67 [something (3)]
  6722 | D:8      | HP: 5/100 [orc warrior/+0 vorpal scimitar (7)]
  6722 | D:8      | HP: 2/100 [orc warrior/+0 vorpal scimitar (3)]
  7061 | D:8      | You pick up a book of Flames and begin reading...
  7061 | D:8      | You add the spells Foxfire, Conjure Flame, Inner Flame and
                  | Flame Wave to your library.
  7254 | D:8      | Noticed Maurice
  7256 | D:8      | Noticed Psyche
  7360 | D:8      | Killed Maurice
  7360 | D:8      | Reached * piety under Okawaru
  7361 | D:8      | Reached skill level 5 in Fighting
  7361 | D:8      | Reached skill level 5 in Slings
  7361 | D:8      | Reached skill level 5 in Armour
  7380 | D:8      | Killed Psyche
  7524 | D:8      | HP: 12/48 [orc warrior/+2 short sword of draining (1)]
  7532 | D:8      | Reached skill level 5 in Invocations
  7826 | D:9      | Noticed Gastronok
  8532 | D:8      | HP: 12/55 [steam dragon] (7)]
  9149 | D:8      | Reached XP level 10. HP: 20/63 MP: 15/17
  9378 | D:8      | Reached skill level 4 in Conjurations
  9378 | D:8      | Reached skill level 4 in Hexes
  9378 | D:8      | Reached skill level 4 in Summonings
  9378 | D:8      | Reached skill level 4 in Necromancy
  9378 | D:8      | Reached skill level 4 in Translocations
  9378 | D:8      | Reached skill level 4 in Transmutations
  9378 | D:8      | Reached skill level 4 in Fire Magic
  9378 | D:8      | Reached skill level 4 in Ice Magic
  9378 | D:8      | Reached skill level 4 in Air Magic
  9378 | D:8      | Reached skill level 4 in Earth Magic
  9378 | D:8      | Reached skill level 4 in Poison Magic
  9381 | D:8      | HP: 11/58 [wight/+1 vorpal great sword (7)]
  9984 | D:8      | Reached skill level 5 in Short Blades
  9984 | D:8      | Reached skill level 5 in Long Blades
  9984 | D:8      | Reached skill level 5 in Axes
  9984 | D:8      | Reached skill level 5 in Maces & Flails
  9984 | D:8      | Reached skill level 5 in Polearms
  9984 | D:8      | Reached skill level 5 in Staves
  9984 | D:8      | Reached skill level 5 in Bows
  9984 | D:8      | Reached skill level 5 in Crossbows
  9984 | D:8      | Reached skill level 5 in Throwing
  9984 | D:8      | Reached skill level 5 in Dodging
  9984 | D:8      | Reached skill level 5 in Stealth
  9984 | D:8      | Reached skill level 5 in Unarmed Combat
  9984 | D:8      | Reached skill level 5 in Spellcasting
 10178 | D:9      | HP: 16/70 [poisoned by a killer bee]
 10183 | D:9      | HP: 12/70 [poisoned by a killer bee]
 10588 | D:8      | Reached ** piety under Okawaru
 10655 | D:8      | HP: 26/106 [killer bee (3)]
 10659 | D:8      | HP: 12/106 [killer bee (7)]
 10664 | D:8      | HP: 4/106 [poisoned by a killer bee]
 10667 | D:8      | Killed from afar by a steam dragon

Vanquished Creatures
  Maurice (D:8)
  A gargoyle (D:5)
  Psyche (D:8)
  A wyvern (D:8)
  2 steam dragons
  2 water moccasins (D:7)
  5 orc warriors
  An ice beast (D:5)
  A sky beast (D:8)
  An ogre (D:4)
  A centaur (D:8)
  A kobold brigand (D:7)
  A scorpion (D:4)
  8 wights
  6 killer bees
  2 howler monkeys (D:8)
  A jelly (D:7)
  4 orc priests
  A gnoll shaman (D:7)
  A hound (D:5)
  4 iguanas
  3 orc wizards
  A hell rat (Sewer)
  13 gnolls
  6 adders
  5 river rats
  A shadow imp (D:8)
  4 white imps
  An ufetubus (D:7)
  A dart slug (D:1)
  40 orcs
  7 ball pythons
  4 endoplasms (D:1)
  4 giant cockroaches
  2 goblins
  3 hobgoblins
  9 jackals
  6 kobolds
  3 quokkas
  2 bats (D:1)
  A frilled lizard (D:2)
  13 rats
175 creatures vanquished.

Vanquished Creatures (others)
  An orc wizard (D:7)
  A gnoll (D:8)
  4 fungi (D:9)
  7 plants (D:9)
13 creatures vanquished.

Grand Total: 188 creatures vanquished

Table legend:
 A = Non-vault XP
 B = Vault XP
 C = Vault XP percentage of total XP
 D = Non-vault monster count
 E = Vault monster count
 F = Vault count percentage of total count
                 A         B        C        D         E       F
            +---------+---------+-------+---------+---------+-------
      Total |    4267 |    1273 |  23.0 |     147 |      30 |  16.9
            +---------+---------+-------+---------+---------+-------
        D:1 |      40 |      11 |  21.6 |      23 |       6 |  20.7
        D:2 |      18 |       0 |   0.0 |       4 |       0 |   0.0
        D:4 |     355 |      48 |  11.9 |      25 |      10 |  28.6
        D:5 |     704 |       0 |   0.0 |      11 |       0 |   0.0
        D:6 |     133 |       0 |   0.0 |       9 |       0 |   0.0
        D:7 |    1061 |     324 |  23.4 |      37 |       4 |   9.8
        D:8 |    1843 |     827 |  31.0 |      30 |       2 |   6.2
        D:9 |     113 |       0 |   0.0 |       8 |       0 |   0.0
      Sewer |       0 |      63 | 100.0 |       0 |       8 | 100.0
            +---------+---------+-------+---------+---------+-------

Illustrated notes

Table legend:
 A = Kills in this place as a percentage of kills in entire the game.
 B = Kills by you in this place as a percentage of kills by you in the entire game.
 C = Kills by friends in this place as a percentage of kills by friends in the entire game.
 D = Other kills in this place as a percentage of other kills in the entire game.
 E = Experience gained in this place as a percentage of experience gained in the entire game.
 F = Experience gained in this place divided by the number of levels of this place that you have seen.
                   A       B       C       D       E      F
               +-------+-------+-------+-------+-------+----------------------
         Total | 100.0 | 100.0 |   N/A | 100.0 | 100.0 | 554.0
       Dungeon |  95.5 |  95.4 |   N/A | 100.0 |  98.9 | 684.6
         Sewer |   4.5 |   4.6 |   N/A |   0.0 |   1.1 |  63.0
               +-------+-------+-------+-------+-------+----------------------

Table legend: (Time is in decaauts)
 A = Elapsed time spent in this place.
 B = Non-inter-level travel time spent in this place.
 C = Inter-level travel time spent in this place.
 D = Time resting spent in this place.
 E = Time spent auto-exploring this place.
 F = Levels seen in this place.
 G = Mean time per level.
                   A        B        C        D        E       F      G
               +--------+--------+--------+--------+--------+-----+--------+
         Total |  10897 |  10470 |    427 |   2919 |   5689 |  10 | 1089.7 |
       Dungeon |  10511 |  10166 |    345 |   2919 |   5462 |   8 | 1313.9 |
        Temple |    224 |    142 |     82 |      0 |    127 |   1 |  224.0 |
         Sewer |    161 |    161 |      0 |      0 |    100 |   1 |  161.0 |
               +--------+--------+--------+--------+--------+-----+--------+

Top non-repeatable levels by time:
     D:8: 3262 daAuts
     D:7: 2197 daAuts
     D:4: 1756 daAuts
     D:1: 1051 daAuts
     D:6: 917 daAuts
     D:5: 837 daAuts
     D:9: 295 daAuts
  Temple: 224 daAuts
     D:2: 193 daAuts
   Sewer: 161 daAuts
